 Dungeon Sprint DCSS version 0.31.0-9-g3a7656b989 (webtiles) character file.

Game seed: 12740360527400259104

61992 Heoruswealwe the Minotaur Porcupine (level 14, -2/159 HPs)
             Began as a Minotaur Fighter on Feb 3, 2024.
             Was an Initiate of Gozag.
             Slain by a death cob (35 damage)
             ... in the Dungeon (Sprint IX: "|||||||||||||||||||||||||||||").
             The game lasted 00:39:36 (5364 turns).

Heoruswealwe the Minotaur Porcupine (MiFi)          Turns: 5364, Time: 00:39:38

Health: -2/159     AC: 33    Str: 30    XL:     14   Next: 62%
Magic:  13/13      EV: 15    Int:  5    God:    Gozag
Gold:   3905       SH:  0    Dex:  9    Spells: 13/13 levels left

rFire   . . .        b - +6 glaive (vamp)
rCold   . . .        (shield currently unavailable)
rNeg    . . .        c - +0 storm dragon scales
rPois   .            (helmet restricted)
rElec   +            h - +2 cloak {rCorr}
rCorr   +            f - +2 pair of gloves {Str+3}
SInv    .            e - +2 pair of boots {rampage}
Will    +....        (no amulet) Stlth
                     k - +2 ring of evasion
HPRegen 0.46/turn    (no ring)
MPRegen 0.13/turn

%: no teleportation, rampage
@: gold aura, slowed, very slow
A: horns 2, retaliatory headbutt
a: Renounce Religion, Potion Petition, Call Merchant, Bribe Branch


You were in the Dungeon.
You worshipped Gozag.
Gozag was most pleased with you.
You visited 1 branch You collected 15960 gold pieces.
You spent 4728 gold pieces at shops.
You paid 7327 gold pieces to Gozag.

Inventory:

Hand Weapons
 a - a +0 trident
 b - a +6 vampiric glaive (weapon)
Armour
 c - +0 storm dragon scales (worn)
 d - a +0 kite shield
 e - a +2 pair of boots of rampaging (worn)
 f - a +2 pair of gloves of strength (worn)
 h - a +2 cloak of preservation (worn)
 A - the +6 lightning scales {swift, rElec}
   (You bought it in a shop in the Dungeon)

   Swift:     It allows the wearer to cover ground more swiftly.
   rElec:     It insulates you from electricity.
Jewellery
 k - a +2 ring of evasion (left hand)
Wands
 l - a wand of light (10)
 o - a wand of iceblast (5)
Scrolls
 j - 3 scrolls of blinking
 m - a scroll of enchant armour
 p - 5 scrolls of identify
 u - 2 scrolls of brand weapon
Potions
 g - a potion of berserk rage
 i - a potion of mutation
 q - 2 potions of might
 s - 3 potions of heal wounds
Miscellaneous
 r - a lightning rod (4/4)


   Skills:
 + Level 24.0 Fighting
 O Level 27 Polearms
 + Level 24.0 Armour
 + Level 13.3 Dodging
 + Level 14.9 Shields
 + Level 11.3 Evocations


You had 13 spell levels left.
You didn't know any spells.
Your spell library was empty.

Dungeon Overview and Level Annotations

Branches:
Dungeon (1/1)

Altars:
Cheibriados
Dithmenos
Elyvilon
Fedhas
Gozag
Hepliaklqana
Kikubaaqudgha
Makhleb
Nemelex Xobeh
Okawaru
Qazlal
Ru
Sif Muna
Trog
Uskayaw
Vehumet
Wu Jian
Xom
Yredelemnul
Zin
The Shining One
Jiyva
Lugonu

Shops:
D *[(*(?[([(*


Innate Abilities, Weirdness & Mutations

You have a pair of horns on your head.
You reflexively headbutt those who attack you in melee.


Message History

The death cob is distracted by your dazzling golden aura.
The guardian mummy hits you.
You completely miss the guardian mummy.
The death cob gives a chilling moan.
Your headbutt misses the guardian mummy.
The guardian mummy is severely damaged.
The yaktaur captain is no longer distracted by gold.
The ironbound preserver gestures wildly while chanting.
The ironbound preserver begins to accept its allies' injuries.
The entropy weaver points at you and mumbles some strange words.
You slice the guardian mummy!!
You destroy the guardian mummy!
You feel extremely nervous for a moment...
Pain shoots through your body!
The ironbound preserver is distracted by your dazzling golden aura.
You rampage towards the death cob!
The ironbound preserver shouts!
You slice the death cob!!
The death cob is no longer distracted by gold.
Your headbutt misses the death cob.
The death cob is moderately damaged.
The death cob hits you!! The death cob drains your vigour!
You feel yourself slow down. The death cob hits you!
The death cob drains your vigour!
You feel as though you will be slow longer.
The entropy weaver is distracted by your dazzling golden aura.
The entropy weaver shouts!
You carve the death cob like a ham!!!
The death cob is heavily damaged.
The death cob hits you.
The death cob hits you but does no damage.
You completely miss the death cob.
The death cob is heavily damaged.
The death cob hits you. The death cob hits you!
* * * LOW HITPOINT WARNING * * *
The death cob drains your vigour!
You feel as though you will be slow longer.
The death cob hits you!!
You die...
Your body crumbles into a pile of gold.

▓.▓.▓.▓.▓[▓.▓.▓.▓.
▓.▓.▓[▓.▓[▓.▓.▓.▓.
▓.▓.▓.▓.▓[▓.▓.▓.▓.
▓.▓.▓.▓.▓[▓.▓.▓.▓'
▓.▓.▓.▓)▓.▓.▓.▓.▓.
▓.▓.▓.▓.▓.▓.▓.▓.▓.
▓$▓.▓.▓.▓.▓.▓.▓.▓.
▓.▓.♣[♣.▓.▓.▓.▓.▓.
▓@▓.♣.♣.▓.▓.▓.▓.▓.
▓z▓.♣.♣.▓.▓.▓.▓.▓.
▓p▓.♣.♣.▓.▓.▓.▓.▓.
▓c▓.♣.♣.▓.▓.▓.▓.▓.
▓X▓.♣.♣.▓.▓.▓[▓.▓.
▓B▓.♣.♣.▓[▓.▓[▓.▓'
▓p▓.♣.♣.▓'▓.▓.▓.▓.
▓.▓.♣.♣.▓.▓.▓.▓.▓.
▓B▓.♣.♣.▓.▓.▓.▓.▓.


You could see an ironbound preserver, a death cob (strong, sheltered), an Orb
Guardian (sheltered), a yaktaur captain (sheltered), an entropy weaver
(sheltered) and an ironbound convoker (sheltered, catching breath).

Vanquished Creatures
  Saint Roka (D)
  A fenstrider witch (D)
  5 frost giants (D)
  A fire giant (D)
  An emperor scorpion (D)
  A formless jellyfish (D)
  2 ironbound preservers (D)
  A very ugly thing (D)
  A vampire knight (D)
  An ironbound thunderhulk (D)
  Nessos (D)
  A dire elephant (D)
  2 ettins (D)
  A merfolk impaler (D)
  2 fire dragons (D)
  2 entropy weavers (D)
  2 merfolk javelineers (D)
  2 yaktaur captains (D)
  3 ice dragons (D)
  2 anacondas (D)
  A hydra (D)
  A salamander tyrant (D)
  3 ghost crabs (D)
  A centaur warrior (D)
  2 alligator snapping turtles (D)
  Erica (D)
  A naga warrior (D)
  3 deep troll shamans (D)
  2 tengu warriors (D)
  A deep troll earth mage (D)
  Urug (D)
  A spriggan berserker (D)
  Sonja (D)
  A spriggan (D)
  A skyshark (D)
  2 naga ritualists (D)
  2 ironbound convokers (D)
  A lindwurm (D)
  A deep elf pyromancer (D)
  3 steelbarb worms (D)
  10 orc knights (D)
  2 wolf spiders (D)
  2 ugly things (D)
  3 manticores (D)
  2 orc sorcerers (D)
  3 cyclopes (D)
  An eye of devastation (shapeshifter) (D)
  Maurice (D)
  3 black mambas (D)
  A naga mage (D)
  A water nymph (D)
  2 vault sentinels (D)
  A torpor snail (D)
  6 cane toads (D)
  A rime drake (D)
  A freezing wraith (D)
  2 komodo dragons (D)
  A tengu conjurer (D)
  A guardian mummy (D)
  4 tyrant leeches (D)
  A troll (D)
  A bloated husk (D)
  A hornet (D)
  4 blink frogs (D)
  A dream sheep (D)
  A slime creature (D)
  2 vampires (D)
  A wyvern (D)
  4 yaks (D)
  A water moccasin (D)
  19 orc warriors (D)
  A boggart (D)
  A phantom (D)
  A gnoll sergeant (D)
  2 bullfrogs (D)
  A howler monkey (D)
  3 orc priests (D)
  A bombardier beetle (D)
  3 orc wizards (D)
  2 adders (D)
  9 orcs (D)
  An endoplasm (D)
  A goblin (D)
  A kobold (D)
  2 rats (D)
176 creatures vanquished.

Vanquished Creatures (others)
  An occultist (D)
  A will-o-the-wisp (D)
  A swamp drake (D)
3 creatures vanquished.

Grand Total: 179 creatures vanquished

Notes
Turn   | Place    | Note
-------+----------+-------------------------------------------
     0 | D        | Heoruswealwe the Minotaur Fighter began the quest for the
                  | Orb.
     0 | D        | Reached XP level 1. HP: 19/19 MP: 0/0
     9 | D        | Reached skill level 3 in Polearms
    22 | D        | Noticed an orc priest
    22 | D        | Noticed a phantom
    22 | D        | Noticed a bombardier beetle
    25 | D        | Killed an orc priest
    26 | D        | Reached skill level 5 in Fighting
    26 | D        | Reached skill level 5 in Polearms
    26 | D        | Reached skill level 5 in Armour
    26 | D        | Reached XP level 2. HP: 23/29 MP: 1/1
    26 | D        | Reached XP level 3. HP: 29/36 MP: 2/2
    40 | D        | Killed a phantom
    41 | D        | Reached skill level 8 in Polearms
    41 | D        | Reached XP level 4. HP: 30/45 MP: 3/3
    52 | D        | Reached skill level 9 in Polearms
    52 | D        | Reached XP level 5. HP: 38/52 MP: 4/4
    65 | D        | Found a snail-covered altar of Cheibriados.
    65 | D        | Found a shadowy altar of Dithmenos.
    65 | D        | Found a white marble altar of Elyvilon.
    65 | D        | Found a blossoming altar of Fedhas.
    65 | D        | Found an opulent altar of Gozag.
    66 | D        | Found a hazy altar of Hepliaklqana.
    67 | D        | Found a viscous altar of Jiyva.
    68 | D        | Found an ancient bone altar of Kikubaaqudgha.
    69 | D        | Found a corrupted altar of Lugonu.
    70 | D        | Found a burning altar of Makhleb.
    71 | D        | Found a sparkling altar of Nemelex Xobeh.
    72 | D        | Found an iron altar of Okawaru.
    73 | D        | Became a worshipper of Gozag Ym Sagoz the Greedy
    74 | D        | Found a stormy altar of Qazlal.
    75 | D        | Found a sacrificial altar of Ru.
    76 | D        | Found a shimmering blue altar of Sif Muna.
    77 | D        | Found a bloodstained altar of Trog.
    78 | D        | Found a hide-covered altar of Uskayaw.
    79 | D        | Found a radiant altar of Vehumet.
    80 | D        | Found an ornate altar of the Wu Jian Council.
    81 | D        | Found a shimmering altar of Xom.
    82 | D        | Found a basalt altar of Yredelemnul.
    83 | D        | Found a glowing silver altar of Zin.
    84 | D        | Found a glowing golden altar of the Shining One.
   141 | D        | Noticed a vampire
   141 | D        | Noticed a vampire
   141 | D        | Noticed an orc warrior
   141 | D        | Noticed a yak
   146 | D        | Killed a vampire
   147 | D        | Reached skill level 11 in Polearms
   147 | D        | Reached XP level 6. HP: 59/62 MP: 5/5
   150 | D        | Killed a vampire
   151 | D        | Reached skill level 12 in Polearms
   158 | D        | Killed a yak
   159 | D        | Reached skill level 10 in Fighting
   159 | D        | Reached skill level 13 in Polearms
   159 | D        | Reached skill level 10 in Armour
   159 | D        | Reached XP level 7. HP: 50/72 MP: 6/6
   176 | D        | Reached skill level 14 in Polearms
   334 | D        | Noticed a manticore
   334 | D        | Noticed a slime creature
   334 | D        | Noticed a seven-headed hydra
   334 | D        | Noticed a cyan ugly thing
   334 | D        | Noticed a cyclops
   334 | D        | Noticed a troll
   341 | D        | Killed a slime creature
   348 | D        | Killed a manticore
   349 | D        | Reached skill level 15 in Polearms
   349 | D        | Reached XP level 8. HP: 47/83 MP: 7/7
   376 | D        | Killed a cyan ugly thing
   377 | D        | Reached skill level 16 in Polearms
   380 | D        | Killed a ten-headed hydra
   381 | D        | Reached skill level 17 in Polearms
   381 | D        | Reached XP level 9. HP: 44/93 MP: 8/8
   381 | D        | HP: 4/139 [cyclops/large rock (40)]
   383 | D        | Killed a cyclops
   384 | D        | Reached skill level 18 in Polearms
   387 | D        | Killed a troll
   754 | D        | Noticed a cane toad
   754 | D        | Noticed a rime drake
   757 | D        | Killed a cane toad
   757 | D        | Noticed a cane toad
   759 | D        | Noticed a komodo dragon
   765 | D        | Noticed a cane toad
   784 | D        | Killed a rime drake
   785 | D        | Reached skill level 19 in Polearms
   787 | D        | Killed a cane toad
   788 | D        | Reached XP level 10. HP: 96/104 MP: 9/9
   795 | D        | Killed a cane toad
   796 | D        | Reached skill level 20 in Polearms
   879 | D        | Noticed a black mamba
   879 | D        | Noticed a cane toad
   886 | D        | Noticed a skyshark
   891 | D        | Killed a black mamba
   892 | D        | Reached skill level 15 in Fighting
   892 | D        | Reached skill level 15 in Armour
   894 | D        | Killed a cane toad
   921 | D        | Killed a skyshark
   922 | D        | Reached skill level 21 in Polearms
  1128 | D        | Noticed a cane toad
  1128 | D        | Noticed a cane toad
  1163 | D        | Killed a cane toad
  1164 | D        | Reached skill level 22 in Polearms
  1164 | D        | Reached XP level 11. HP: 56/115 MP: 10/10
  1361 | D        | Noticed Sonja
  1363 | D        | Noticed Urug
  1366 | D        | Killed Sonja
  1373 | D        | Killed Urug
  1486 | D        | Noticed Erica
  1497 | D        | Killed Erica
  1498 | D        | Reached skill level 23 in Polearms
  1748 | D        | Noticed an orc knight
  1748 | D        | Noticed an orc knight
  1748 | D        | Noticed an orc sorcerer
  1761 | D        | Killed an orc knight
  1767 | D        | HP: 4/117 [orc knight/+2 broad axe of freezing (10)]
  1772 | D        | Killed an orc knight
  1773 | D        | Killed an orc sorcerer
  1816 | D        | HP: 4/117 [orc warrior/+0 glaive (4)]
  1829 | D        | HP: 1/118 [orc warrior/+0 scimitar (5)]
  1840 | D        | HP: 2/118 [orc warrior/+0 dire flail (6)]
  2139 | D        | Noticed an orc sorcerer
  2141 | D        | Killed an orc sorcerer
  2197 | D        | Reached skill level 24 in Polearms
  2395 | D        | Found Gigoomust's Weapon Emporium.
  2395 | D        | Noticed an orc knight
  2395 | D        | Noticed an orc knight
  2395 | D        | Noticed an orc knight
  2401 | D        | Killed an orc knight
  2405 | D        | Killed an orc knight
  2419 | D        | Killed an orc knight
  2422 | D        | Noticed an orc knight
  2426 | D        | Noticed an orc knight
  2436 | D        | Killed an orc knight
  2444 | D        | Killed an orc knight
  2458 | D        | HP: 5/121 [orc warrior/+0 trident (10)]
  2751 | D        | Found Viebb's Assorted Antiques.
  2761 | D        | Found Oqid's Antique Weapon Emporium.
  2765 | D        | Found Guaff's Magic Scroll Shoppe.
  2767 | D        | Noticed an orc knight
  2768 | D        | Noticed an orc knight
  2784 | D        | Killed an orc knight
  2785 | D        | Reached XP level 12. HP: 109/128 MP: 11/11
  2791 | D        | Reached skill level 25 in Polearms
  3003 | D        | Bought a silvery potion for 17 gold pieces
  3003 | D        | Bought a scroll labelled ITURHO MULYPNE for 19 gold pieces
  3003 | D        | Bought a purple potion for 17 gold pieces
  3003 | D        | Bought a pair of runed boots for 142 gold pieces
  3003 | D        | Bought a scroll labelled ITURHO MULYPNE for 19 gold pieces
  3003 | D        | Bought a scroll of enchant armour for 142 gold pieces
  3003 | D        | Bought a silvery potion for 17 gold pieces
  3007 | D        | Bought a scroll of identify for 24 gold pieces
  3007 | D        | Bought a scroll of identify for 24 gold pieces
  3007 | D        | Bought a scroll of identify for 24 gold pieces
  3011 | D        | Bought a scroll of blinking for 90 gold pieces
  3011 | D        | Bought a scroll of fear for 48 gold pieces
  3011 | D        | Bought a scroll of immolation for 48 gold pieces
  3011 | D        | Bought a scroll of brand weapon for 114 gold pieces
  3054 | D        | Bought a +0 vampiric glaive for 365 gold pieces
  3069 | D        | Bought a +1 pair of boots of rampaging for 297 gold pieces
  3079 | D        | Bought a lightning rod (4/4) for 520 gold pieces
  3079 | D        | Bought a scroll of identify for 26 gold pieces
  3079 | D        | Bought a scroll of identify for 26 gold pieces
  3188 | D        | Noticed Maurice
  3223 | D        | Killed Maurice
  3467 | D        | Noticed a tengu warrior
  3481 | D        | Killed a tengu warrior
  3489 | D        | Noticed a centaur warrior
  3495 | D        | Noticed an ettin
  3500 | D        | Noticed a frost giant
  3503 | D        | Reached skill level 26 in Polearms
  3504 | D        | Noticed a deep troll shaman
  3504 | D        | Noticed a fire dragon
  3507 | D        | Killed a centaur warrior
  3508 | D        | Noticed a frost giant
  3513 | D        | Noticed a deep troll shaman
  3517 | D        | Killed a frost giant
  3524 | D        | Killed an ettin
  3537 | D        | Killed a deep troll shaman
  3543 | D        | HP: 2/133 [frost giant/+2 battleaxe of freezing (5)]
  3545 | D        | Killed a frost giant
  3546 | D        | Reached skill level 27 in Polearms
  3556 | D        | Killed a fire dragon
  3557 | D        | Reached skill level 1 in Dodging
  3557 | D        | Reached skill level 1 in Evocations
  3559 | D        | Killed a deep troll shaman
  3769 | D        | Bought a pair of embroidered gloves for 150 gold pieces
  3769 | D        | Bought a masterwork cloak for 190 gold pieces
  3769 | D        | Identified the +0 cloak of Cheibriados's Reproof {Int+3}
                  | (You bought it in a shop in the Dungeon)
  3818 | D        | Noticed Nessos
  3823 | D        | Killed Nessos
  3824 | D        | Reached skill level 5 in Shields
  3899 | D        | Noticed an emperor scorpion
  3899 | D        | Noticed an entropy weaver
  3899 | D        | Noticed an entropy weaver
  3913 | D        | Killed an emperor scorpion
  3915 | D        | Reached XP level 13. HP: 105/141 MP: 12/12
  3939 | D        | Reached skill level 5 in Dodging
  4192 | D        | Noticed a merfolk impaler
  4192 | D        | Noticed a merfolk javelineer
  4193 | D        | Noticed a merfolk javelineer
  4197 | D        | Reached skill level 5 in Evocations
  4197 | D        | Noticed a formless jellyfish
  4202 | D        | Killed a merfolk impaler
  4210 | D        | Killed a merfolk javelineer
  4213 | D        | Paralysed by a formless jellyfish for 1 turns
  4215 | D        | Killed a formless jellyfish
  4225 | D        | Killed a merfolk javelineer
  4431 | D        | Noticed a fenstrider witch
  4444 | D        | Killed a fenstrider witch
  4448 | D        | Reached skill level 10 in Shields
  4825 | D        | Bought a murky brown potion for 21 gold pieces
  4825 | D        | Bought the +6 lightning scales {swift, rElec} for 1608 gold
                  | pieces
  4825 | D        | Found the +6 lightning scales {swift, rElec}
  4825 | D        | Bought 2 potions of might for 192 gold pieces
  4825 | D        | Bought a scroll of brand weapon for 228 gold pieces
  4825 | D        | Bought 3 potions of heal wounds for 360 gold pieces
  4885 | D        | Noticed Saint Roka
  4903 | D        | Killed Saint Roka
  4904 | D        | Reached skill level 10 in Dodging
  5006 | D        | Noticed an ettin
  5006 | D        | Noticed a fire dragon
  5006 | D        | Noticed a fire giant
  5011 | D        | Killed an ettin
  5016 | D        | Reached XP level 14. HP: 142/155 MP: 13/13
  5016 | D        | Noticed a frost giant
  5043 | D        | Killed a fire giant
  5043 | D        | Noticed a frost giant
  5047 | D        | Killed a frost giant
  5056 | D        | Noticed a frost giant
  5057 | D        | Killed a frost giant
  5072 | D        | Noticed a vampire knight
  5076 | D        | Killed a frost giant
  5077 | D        | Reached skill level 10 in Evocations
  5089 | D        | Killed a vampire knight
  5208 | D        | Noticed a white very ugly thing
  5217 | D        | Killed a white very ugly thing
  5298 | D        | Noticed an ironbound preserver
  5305 | D        | Noticed an ironbound thunderhulk
  5308 | D        | Killed an ironbound preserver
  5316 | D        | Noticed an ironbound preserver
  5318 | D        | Killed an ironbound thunderhulk
  5330 | D        | Killed an ironbound preserver
  5358 | D        | Noticed an ironbound preserver
  5359 | D        | Noticed a death cob
  5359 | D        | Noticed an Orb Guardian
  5364 | D        | Slain by a death cob

Illustrated notes

Levels and vault maps discovered:
D:        linesprint [early_d, line_temple, items_1, d_10, items_2, lair_1,
          lair_end, items_3, orc_1, orc_end, items_4, d_15, swamp_1, shoals_1,
          snake_1, spider_1, d_20, vaults_1, items_5, swamp_end, shoals_end,
          snake_end, spider_end, vaults_end, d_27, items_6, zot_1, zot_end,
          crypt_end, forest_end, elf_end, slime_end, tomb_end, abyss_end,
          pan_hell_end]

Skill      XL: |  1  2  3  4  5  6  7  8  9 10 11 12 13 14 |
---------------+-------------------------------------------+-----
Polearms       | 5 8 9 11 13 15 17 19 22 24 27 | 27.0
Fighting       | 5 6 7 8 10 11 13 14 16 18 20 22 24 | 24.0
Armour         | 5 6 7 8 10 11 13 14 16 18 20 22 24 | 24.0
Dodging        | 4 10 13 | 13.3
Shields        | 5 12 14 | 14.9
Evocations     | 3 8 11 | 11.3

Action                     |  1- 3 |  4- 6 |  7- 9 | 10-12 | 13-15 || total
---------------------------+-------+-------+-------+-------+-------++-------
  Melee: Trident           |    28 |    16 |       |       |       ||    44
         Headbutt          |     4 |     4 |     8 |    63 |    75 ||   154
         Halberd           |       |    15 |    59 |   241 |       ||   315
         Glaive            |       |       |       |   112 |   312 ||   424
 Invoke: Call Merchant     |       |       |       |     6 |     1 ||     7
    Use: Potion            |       |     2 |     1 |    21 |       ||    24
         Scroll            |       |       |       |    13 |     1 ||    14
   Stab: Distracted        |       |       |       |       |     4 ||     4
 Armour: Scale mail        |    12 |     8 |       |       |       ||    20
         Chain mail        |       |     3 |    33 |    67 |       ||   103
         Plate armour      |       |       |       |    65 |       ||    65
         Storm dragon scal |       |       |       |    92 |   208 ||   300
  Dodge: Dodged            |     5 |    10 |    20 |    99 |   103 ||   237
  Block: Buckler           |     6 |     2 |       |       |       ||     8
